 Dungeon Crawl Stone Soup version 0.31.0-1-g2c135a008e (webtiles) character file.

Game seed: 602261541853497293

8041 qw the Skirmisher (level 11, -1/81 HPs)
             Began as a Djinni Hunter on Jan 23, 2024.
             Was an Elder of Okawaru.
             Slain by an elephant (8 damage)
             ... on level 1 of the Lair of Beasts.
             The game lasted 00:01:09 (9840 turns).

qw the Skirmisher (Djinni Hunter)                   Turns: 9840, Time: 00:01:09

Health: -1/81      AC: 10    Str: 10    XL:     11   Next: 48%
Gold:   447        EV: 19    Int: 12    God:    Okawaru [****..] SH:  5 Dex: 22

rFire   + + .        i - +0 orcbow
rCold   . . .        (shield currently unavailable)
rNeg    . . .        c - +1 robe of Zin's Brutal Revenge {rElec rC+}
rPois   inf          l - +2 hat
rElec   +            g - +0 cloak
rCorr   .            (no gloves)
SInv    .            (boots unavailable)
Will    +....        k - amulet of reflection
Stlth   +++          j - +4 ring of protection
HPRegen 0.33/turn    (no ring)
MPRegen 0.00/turn

%: reflection, infuse magic (-2 HP)
@: about to teleport, flying
A: sickness immunity, fire resistance 2, cold vulnerability 1, float, innate
caster, HP casting, extra vitality 1, thin skeletal structure 1
a: Renounce Religion, Heroism, Finesse


You were on level 1 of the Lair of Beasts.
You worshipped Okawaru.
Okawaru was greatly pleased with you.
You visited 3 branches of the dungeon, and saw 11 of its levels.
You also visited: Sewer.

You collected 533 gold pieces.
You spent 86 gold pieces at shops.


Innate Abilities, Weirdness & Mutations

You are immune to sickness and miasma.
You are immune to poison.
Your flesh is very heat resistant. (rF++)
You are vulnerable to cold. (rC-)
You float through the air rather than walking.
You learn spells naturally, not from books.
Your magical power is your life essence.
You have superior vitality. (+4 MHP)
You have a somewhat thin skeletal structure. (Dex +2, Stealth+)


   Skills:
 - Level 8.0 Fighting
 + Level 10.2 Ranged Weapons
 - Level 1.8 Armour
 - Level 9.0 Dodging
 - Level 0.7 Stealth
 + Level 5.9 Invocations


You knew the following spells:

 Your Spells              Type           Power      Damage    Failure   Level
a - Shock                 Conj/Air       0%         1d3       32%         1
b - Scorch                Fire           0%         2d5       45%         2
c - Hailstorm             Conj/Ice       0%         3d5       69%         3
d - Summon Ice Beast      Ice/Summ       0%         N/A       69%         3
e - Animate Dead          Necr           0%         N/A       97%         4
Your spell library was empty.

Inventory:

Hand Weapons
 i - a +0 orcbow (weapon)
Armour
 c - the +1 robe of Zin's Brutal Revenge (worn) {rElec rC+}
   (You found it on level 3 of the Dungeon)

   rC+:       It protects you from cold.
   rElec:     It insulates you from electricity.
 g - a +0 cloak (worn)
 l - a +2 hat (worn)
 v - +0 steam dragon scales
Jewellery
 j - a +4 ring of protection (left hand)
 k - an amulet of reflection (around neck)
 q - a ring of ice
Wands
 p - a wand of digging (6)
 r - a wand of roots (14)
 s - a wand of charming (10)
 t - a wand of mindburst (18)
Scrolls
 d - 5 scrolls of teleportation
Potions
 b - 3 potions of enlightenment
 f - 4 potions of curing
 n - 3 potions of mutation
 o - 3 potions of might

Dungeon Overview and Level Annotations

Branches:
Dungeon (9/15)             Temple (1/1) D:7            Lair (1/5) D:9
    Orc (0/2) D:9           Sewer (visited)

Altars:
Ashenzari
Cheibriados
Dithmenos
Elyvilon
Fedhas
Gozag
Hepliaklqana
Makhleb
Nemelex Xobeh
Okawaru
Qazlal
Ru
Trog
Uskayaw
Wu Jian
Xom
Yredelemnul
Zin
The Shining One

Shops:
D:2 *

Annotations:
Lair:1 Sonja


Message History

You block the elephant's attack. The elephant barely misses you.
The elephant tramples you!
You are shoved backwards!
You shoot an arrow. The arrow hits the elephant!
The elephant is moderately wounded.
The elephant misses you. The elephant closely misses you.
You shoot an arrow.
The arrow hits the elephant but does no damage.
The elephant is moderately wounded.
You block the elephant's attack. The elephant closely misses you.
You shoot an arrow. The arrow hits the elephant.
The elephant is moderately wounded.
The elephant tramples you.
You hold your ground!
The elephant trunk-slaps you but does no damage.
The elephant tramples you!
You hold your ground!
You block the elephant's attack.
You shoot an arrow.
The arrow hits the elephant but does no damage.
The elephant is moderately wounded.
The elephant completely misses you. You block the elephant's attack.
The elephant closely misses you.
The elephant trunk-slaps you but does no damage.
You shoot an arrow. The arrow hits the elephant!
The elephant is heavily wounded.
The elephant tramples you but does no damage.
The elephant closely misses you. The elephant completely misses you. x2
You shoot an arrow. The arrow hits the elephant!
The elephant is heavily wounded.
The elephant tramples you!
You hold your ground!
You block the elephant's attack. The elephant tramples you.
You hold your ground!
The elephant trunk-slaps you but does no damage.
The elephant tramples you!
You hold your ground!
The elephant trunk-slaps you.
9840 ||| READING 6 scrolls of teleportation.
As you read the scroll of teleportation, it crumbles to dust.
You feel strangely unstable. The elephant closely misses you.
The elephant trunk-slaps you but does no damage.
The elephant tramples you.
You hold your ground!
You block the elephant's attack. The elephant tramples you!
You die...

#......# ##......#
.... +.......#
.... #......#
..... ####......#
... .#
..........#+.##.#.
..................
........%YYY......
##########@######
###


You could see 3 elephants.

Vanquished Creatures
  Nergalle (D:9)
  2 elephants
  A troll (D:9)
  A hornet (D:9)
  3 blink frogs (Lair:1)
  A shadow (D:9)
  A wyvern (D:8)
  2 basilisks (D:9)
  8 yaks
  A steam dragon (D:7)
  6 water moccasins
  3 orc warriors (D:9)
  2 black bears (D:6)
  3 sky beasts
  An ogre (D:6)
  2 centaurs (D:9)
  2 phantoms
  3 kobold brigands
  5 bullfrogs
  4 scorpions
  3 howler monkeys
  An electric eel (D:9)
  6 orc priests
  4 hounds
  3 bombardier beetles
  3 gnoll boudas
  5 iguanas
  11 orc wizards
  Robin (D:2)
  15 gnolls
  9 adders
  3 shadow imps
  2 white imps
  4 ufetubi
  4 ribbon worms
  A dart slug (D:2)
  45 orcs
  4 endoplasms
  3 giant cockroaches
  19 goblins
  8 hobgoblins
  6 jackals
  7 quokkas
  9 ball pythons
  4 bats
  4 frilled lizards
  21 kobolds
  7 rats
264 creatures vanquished.

Notes
Turn   | Place    | Note
-------+----------+-------------------------------------------
     0 | D:1      | qw the Djinni Hunter began the quest for the Orb.
     0 | D:1      | Reached XP level 1. HP: 18/18 MP: 0/0
     0 | D:1      | 0 ||| qw: Version: 0.3-a-132-g3d54051
     0 | D:1      | 0 ||| qw: Game counter: 643
     0 | D:1      | 0 ||| qw: Melee chars always use a shield: true
     0 | D:1      | 0 ||| qw: God list: Okawaru
     0 | D:1      | 0 ||| qw: Allow faded altars: false
     0 | D:1      | 0 ||| qw: Do Orc after clearing Dungeon:15 true
     0 | D:1      | 0 ||| qw: Do second Lair branch before Depths: true
     0 | D:1      | 0 ||| qw: Lair rune preference: random
     0 | D:1      | 0 ||| qw: Goals: Normal
     0 | D:1      | 0 ||| PLANNING D:1-11
   193 | D:1      | Reached XP level 2. HP: 23/23 MP: 0/0
   768 | D:1      | 768 ||| READING scroll labelled WIPOMA DYSKYASOC.
   769 | D:1      | 769 ||| READING scroll labelled UXOYLE ZAOGIV.
   773 | D:1      | 773 ||| DRINKING 2 white potions.
   774 | D:1      | 774 ||| DROPPING scroll of butterflies.
   802 | D:2      | 802 ||| FLEEEEING.
   803 | D:2      | 803 ||| STAIRDANCE
   861 | D:2      | Reached XP level 3. HP: 28/28 MP: 0/0
   861 | D:2      | Learned a level 1 spell: Shock
   862 | D:2      | Reached skill level 4 in Ranged Weapons
   991 | D:2      | 991 ||| FLEEEEING.
  1196 | D:2      | Found Sinojato's Assorted Antiques.
  1205 | D:2      | 1205 ||| BUYING 2 glowing sapphire potions (43 gold).
  1205 | D:2      | Bought 2 glowing sapphire potions for 43 gold pieces
  1205 | D:2      | 1205 ||| BUYING 2 viscous green potions (43 gold).
  1205 | D:2      | Bought 2 viscous green potions for 43 gold pieces
  1205 | D:2      | 1205 ||| SHOPLISTING emerald potion (21 gold, have 2).
  1205 | D:2      | 1205 ||| SHOPLISTING scroll labelled HUUNTUNNUN (24 gold,
                  | have 2).
  1205 | D:2      | 1205 ||| SHOPLISTING scroll labelled VEHIP SI MIEM (24
                  | gold, have 2).
  1218 | D:2      | Noticed Robin
  1220 | D:2      | Reached XP level 4. HP: 34/34 MP: 0/0
  1223 | D:2      | Reached skill level 3 in Fighting
  1234 | D:2      | Killed Robin
  1478 | D:2      | Reached skill level 3 in Dodging
  1627 | D:2      | 1627 ||| UPGRADING to +0 helmet.
  1632 | D:2      | 1632 ||| UPGRADING to +2 hat.
  1642 | D:2      | 1642 ||| DROPPING +0 helmet.
  1643 | D:2      | 1643 ||| UPGRADING to +0 ring mail.
  1653 | D:2      | 1653 ||| DROPPING +0 leather armour.
  1654 | D:2      | 1654 ||| UPGRADING to +4 ring of protection.
  1655 | D:2      | 1655 ||| READING scroll labelled OSHROG ZUMOFAAH UCO.
  1656 | D:2      | 1656 ||| READING scroll labelled IFICUM AHOLIDD.
  1657 | D:2      | 1657 ||| READING scroll labelled IGUET TOEDDUYRPH.
  1657 | D:2      | 1657 ||| ENCHANTING +0 shortbow.
  1658 | D:2      | 1658 ||| READING scroll labelled RIYCKU FAAQEU.
  1658 | D:2      | 1658 ||| IDENTIFYING fuming golden potion
  1659 | D:2      | 1659 ||| DRINKING 3 viscous green potions.
  1660 | D:2      | 1660 ||| DRINKING 3 glowing sapphire potions.
  1660 | D:2      | Gained mutation: You are frail. (-10% HP) [potion of
                  | mutation]
  1660 | D:2      | Gained mutation: Your muscles are strong. (Str +4, Int/Dex
                  | -1) [potion of mutation]
  1660 | D:2      | Gained mutation: You have a somewhat thin skeletal
                  | structure. (Dex +2, Stealth+) [potion of mutation]
  1660 | D:2      | Gained mutation: You expend health (3 HP) to strengthen
                  | your wands. [potion of mutation]
  1661 | D:2      | 1661 ||| DRINKING 2 potions of mutation.
  1661 | D:2      | Lost mutation: Your muscles are strong. (Str +4, Int/Dex
                  | -1) [potion of mutation]
  1661 | D:2      | Lost mutation: You have a somewhat thin skeletal structure.
                  | (Dex +2, Stealth+) [potion of mutation]
  1661 | D:2      | Lost mutation: You expend health (3 HP) to strengthen your
                  | wands. [potion of mutation]
  1661 | D:2      | Lost mutation: You are frail. (-10% HP) [potion of
                  | mutation]
  1661 | D:2      | Gained mutation: You possess an exceptional clarity of
                  | mind. [potion of mutation]
  1661 | D:2      | Gained mutation: You have a pair of small antennae on your
                  | head. [potion of mutation]
  1662 | D:2      | 1662 ||| FLEEEEING.
  1675 | D:2      | 1675 ||| DRINKING potion of mutation.
  1675 | D:2      | Lost mutation: You possess an exceptional clarity of mind.
                  | [potion of mutation]
  1675 | D:2      | Lost mutation: You have a pair of small antennae on your
                  | head. [potion of mutation]
  1675 | D:2      | Gained mutation: You have a pair of small antennae on your
                  | head. [potion of mutation]
  1675 | D:2      | Lost mutation: You have a pair of small antennae on your
                  | head. [potion of mutation]
  1675 | D:2      | Gained mutation: You have a somewhat thin skeletal
                  | structure. (Dex +2, Stealth+) [potion of mutation]
  1676 | D:2      | 1676 ||| DRINKING 2 pink potions.
  1677 | D:2      | 1677 ||| DROPPING potion of berserk rage.
  1690 | D:3      | 1690 ||| PLANNING SEWER
  1701 | D:3      | Identified the +1 robe of Zin's Brutal Revenge {rElec rC+}
  1722 | D:3      | Found an opulent altar of Gozag.
  1913 | D:3      | Reached skill level 1 in Armour
  1913 | D:3      | Reached XP level 5. HP: 40/40 MP: 0/0
  1913 | D:3      | Learned a level 2 spell: Scorch
  2115 | D:3      | Found a glowing drain.
  2116 | D:3      | 2116 ||| UPGRADING to +1 robe of Zin's Brutal Revenge
                  | {rElec rC+}.
  2126 | D:3      | 2126 ||| READING scroll labelled VEMOTHRAWKE.
  2127 | D:3      | 2127 ||| READING 2 scrolls labelled HUSEMO QON RAJIN.
  2128 | D:3      | 2128 ||| DROPPING scroll of summoning.
  2132 | Sewer    | Entered a sewer
  2159 | Sewer    | Noticed a kobold brigand
  2175 | Sewer    | Killed a kobold brigand
  2176 | Sewer    | Reached XP level 6. HP: 30/46 MP: 0/0
  2330 | Sewer    | Reached skill level 5 in Ranged Weapons
  2469 | Sewer    | 2469 ||| READING scroll labelled HUUNTUNNUN.
  2469 | Sewer    | 2469 ||| ENCHANTING +0 shortbow.
  2470 | Sewer    | 2470 ||| DRINKING 2 emerald potions.
  2471 | Sewer    | 2471 ||| DRINKING 2 bubbling purple potions.
  2472 | Sewer    | 2472 ||| DROPPING potion of brilliance.
  2487 | D:3      | 2487 ||| PLANNING D:1-11
  2832 | D:4      | 2832 ||| RETREEEEATING.
  2838 | D:4      | Reached XP level 7. HP: 33/50 MP: 0/0
  2838 | D:4      | Learned a level 3 spell: Hailstorm
  3449 | D:4      | Found a glowing silver altar of Zin.
  3455 | D:4      | Found a white marble altar of Elyvilon.
  3678 | D:4      | 3678 ||| READING scroll of identify.
  3678 | D:4      | 3678 ||| IDENTIFYING bubbling silvery potion
  3679 | D:4      | 3679 ||| READING scroll labelled IWUS KAINUHUCA.
  3680 | D:4      | 3680 ||| DRINKING 3 ruby potions.
  3711 | D:4      | 3711 ||| DROPPING potion of degeneration.
  3712 | D:4      | 3712 ||| DROPPING 2 potions of lignification.
  3729 | D:5      | Entered Level 5 of the Dungeon
  3794 | D:5      | Reached skill level 6 in Ranged Weapons
  3802 | D:5      | 3802 ||| FLEEEEING.
  3855 | D:5      | Reached XP level 8. HP: 53/58 MP: 0/0
  4092 | D:5      | 4092 ||| FLEEEEING.
  4561 | D:5      | 4561 ||| FLEEEEING.
  4577 | D:5      | Found a hazy altar of Hepliaklqana.
  5040 | D:5      | Found a bloodstained altar of Trog.
  5050 | D:5      | Found a burning altar of Makhleb.
  5052 | D:5      | Found an ornate altar of the Wu Jian Council.
  5058 | D:5      | Found a snail-covered altar of Cheibriados.
  5060 | D:5      | 5060 ||| READING scroll of enchant weapon.
  5060 | D:5      | 5060 ||| ENCHANTING +1 shortbow.
  5188 | D:5      | 5188 ||| UPGRADING to amulet of reflection.
  5193 | D:5      | 5193 ||| READING scroll labelled ZOUXTUIHOK.
  5293 | D:6      | 5293 ||| ZAPPING wand of acid (9) at 0,-1 (black bear;
                  | floor).
  5294 | D:6      | Reached skill level 7 in Ranged Weapons
  5456 | D:6      | 5456 ||| RETREEEEATING.
  5457 | D:6      | 5457 ||| RETREEEEATING.
  5483 | D:6      | 5483 ||| FLEEEEING.
  5815 | D:6      | Reached skill level 6 in Dodging
  5815 | D:6      | Reached XP level 9. HP: 65/65 MP: 0/0
  5815 | D:6      | Learned a level 3 spell: Summon Ice Beast
  6083 | D:6      | 6083 ||| FLEEEEING.
  6201 | D:6      | 6201 ||| DRINKING 2 blue potions.
  6202 | D:6      | 6202 ||| DRINKING 2 brown potions.
  6203 | D:6      | 6203 ||| DROPPING potion of invisibility.
  6220 | D:7      | Found a staircase to the Ecumenical Temple.
  6221 | D:7      | 6221 ||| PLANNING TEMPLE
  6222 | D:7      | 6222 ||| FLEEEEING.
  6223 | D:7      | 6223 ||| STAIRDANCE
  6341 | D:7      | 6341 ||| STAIRDANCE
  6355 | D:6      | 6355 ||| FLEEEEING.
  6365 | D:6      | 6365 ||| STAIRDANCE
  6420 | D:7      | Reached skill level 8 in Ranged Weapons
  6429 | Temple   | Entered the Ecumenical Temple
  6430 | Temple   | 6430 ||| PLANNING OKAWARU WORSHIP
  6456 | Temple   | Became a worshipper of Warmaster Okawaru
  6457 | Temple   | 6457 ||| PLANNING D:1-11
  6657 | D:7      | Reached skill level 6 in Fighting
  6753 | D:7      | 6753 ||| RETREEEEATING.
  6754 | D:7      | 6754 ||| RETREEEEATING.
  6755 | D:7      | 6755 ||| RETREEEEATING.
  6756 | D:7      | 6756 ||| RETREEEEATING.
  6915 | D:7      | Reached * piety under Okawaru
  7227 | D:7      | 7227 ||| DROPPING +0 ring mail.
  7228 | D:7      | 7228 ||| READING scroll labelled ZOILUA HITRIFOR.
  7229 | D:7      | 7229 ||| READING scroll labelled VEHIP SI MIEM.
  7230 | D:7      | 7230 ||| STAIRDANCE
  7232 | D:6      | 7232 ||| FLEEEEING.
  7342 | D:6      | 7342 ||| READING scroll labelled KIBYSA WOOSCH.
  7343 | D:6      | 7343 ||| READING scroll labelled OSYSYR ICRAI.
  7343 | D:6      | 7343 ||| BRANDING +2 shortbow.
  7344 | D:6      | 7344 ||| DRINKING 2 orange potions.
  7345 | D:6      | 7345 ||| DROPPING potion of attraction.
  7376 | D:8      | 7376 ||| STAIRDANCE
  7533 | D:8      | Reached skill level 1 in Invocations
  7591 | D:8      | Reached XP level 10. HP: 58/72 MP: 0/0
  7591 | D:8      | 7591 ||| FLEEEEING.
  7748 | D:8      | Identified the +8 whip of Mandamus {flame, rN++ Int+2}
  7776 | D:8      | 7776 ||| RETREEEEATING.
  7784 | D:8      | 7784 ||| RETREEEEATING.
  7791 | D:8      | Reached skill level 3 in Invocations
  7797 | D:8      | Reached ** piety under Okawaru
  7802 | D:8      | 7802 ||| FLEEEEING.
  8001 | D:8      | 8001 ||| UPGRADING to +0 cloak.
  8039 | D:9      | Reached skill level 9 in Ranged Weapons
  8039 | D:9      | Found a shadowy altar of Dithmenos.
  8105 | D:9      | 8105 ||| FLEEEEING.
  8139 | D:9      | 8139 ||| FLEEEEING.
  8140 | D:9      | 8140 ||| FLEEEEING.
  8141 | D:9      | 8141 ||| FLEEEEING.
  8142 | D:9      | 8142 ||| FLEEEEING.
  8143 | D:9      | 8143 ||| FLEEEEING.
  8144 | D:9      | 8144 ||| FLEEEEING.
  8145 | D:9      | 8145 ||| FLEEEEING.
  8146 | D:9      | 8146 ||| FLEEEEING.
  8147 | D:9      | 8147 ||| FLEEEEING.
  8148 | D:9      | 8148 ||| FLEEEEING.
  8152 | D:9      | 8152 ||| STAIRDANCE
  8231 | D:9      | 8231 ||| RETREEEEATING.
  8254 | D:9      | 8254 ||| FLEEEEING.
  8262 | D:9      | 8262 ||| STAIRDANCE
  8432 | D:9      | Found a staircase to the Orcish Mines.
  8436 | D:9      | 8436 ||| FLEEEEING.
  8524 | D:9      | Found a flagged portal.
  8579 | D:9      | Noticed an elephant
  8580 | D:9      | 8580 ||| RETREEEEATING.
  8582 | D:9      | 8582 ||| RETREEEEATING.
  8586 | D:9      | 8586 ||| RETREEEEATING.
  8593 | D:9      | 8593 ||| DRINKING potion of cancellation.
  8639 | D:9      | Found a staircase to the Lair.
  8659 | D:9      | 8659 ||| DRINKING 2 potions of haste.
  8679 | D:9      | Killed an elephant
  8679 | D:9      | Reached *** piety under Okawaru
  8753 | D:9      | 8753 ||| FLEEEEING.
  8947 | D:9      | 8947 ||| RETREEEEATING.
  8948 | D:9      | 8948 ||| RETREEEEATING.
  8951 | D:9      | Reached skill level 10 in Ranged Weapons
  8951 | D:9      | 8951 ||| RETREEEEATING.
  8962 | D:9      | Reached XP level 11. HP: 75/79 MP: 0/0
  8962 | D:9      | Learned a level 4 spell: Animate Dead
  8971 | D:9      | 8971 ||| RETREEEEATING.
  8972 | D:9      | 8972 ||| RETREEEEATING.
  8973 | D:9      | 8973 ||| RETREEEEATING.
  8974 | D:9      | 8974 ||| RETREEEEATING.
  8975 | D:9      | 8975 ||| RETREEEEATING.
  8976 | D:9      | 8976 ||| RETREEEEATING.
  8977 | D:9      | 8977 ||| RETREEEEATING.
  8979 | D:9      | 8979 ||| RETREEEEATING.
  8980 | D:9      | 8980 ||| RETREEEEATING.
  8981 | D:9      | 8981 ||| RETREEEEATING.
  8982 | D:9      | 8982 ||| RETREEEEATING.
  9001 | D:9      | Reached **** piety under Okawaru
  9002 | D:9      | 9002 ||| FLEEEEING.
  9213 | D:9      | Reached skill level 9 in Dodging
  9252 | D:9      | 9252 ||| SWAPPING to +0 orcbow.
  9253 | D:9      | 9253 ||| DROPPING +2 shortbow of flaming.
  9449 | D:9      | 9449 ||| PLANNING LAIR
  9449 | D:9      | 9449 ||| READING scroll of identify.
  9449 | D:9      | 9449 ||| IDENTIFYING fuming white potion
  9467 | Lair:1   | Entered Level 1 of the Lair of Beasts
  9467 | Lair:1   | Noticed Nergalle
  9468 | Lair:1   | 9468 ||| DRINKING potion of haste.
  9473 | Lair:1   | 9473 ||| STAIRDANCE
  9482 | D:9      | 9482 ||| FLEEEEING.
  9530 | Lair:1   | 9530 ||| ZAPPING wand of acid (8) at 0,5 (Nergalle; floor).
  9531 | Lair:1   | 9531 ||| ZAPPING wand of acid (7) at 0,4 (Nergalle; floor).
  9532 | Lair:1   | 9532 ||| ZAPPING wand of acid (6) at 0,3 (Nergalle; floor).
  9533 | Lair:1   | 9533 ||| ZAPPING wand of acid (5) at 0,3 (Nergalle; floor).
  9534 | Lair:1   | 9534 ||| ZAPPING wand of acid (4) at 0,2 (Nergalle; floor).
  9535 | Lair:1   | 9535 ||| STAIRDANCE
  9537 | D:9      | 9537 ||| ZAPPING wand of acid (3) at 0,1 (Nergalle; floor).
  9538 | D:9      | 9538 ||| ZAPPING wand of acid (2) at 0,1 (Nergalle; floor).
  9538 | D:9      | Killed Nergalle
  9628 | Lair:1   | 9628 ||| FLEEEEING.
  9629 | Lair:1   | 9629 ||| FLEEEEING.
  9681 | Lair:1   | 9681 ||| RETREEEEATING.
  9683 | Lair:1   | 9683 ||| RETREEEEATING.
  9683 | Lair:1   | Noticed Sonja
  9684 | Lair:1   | 9684 ||| RETREEEEATING.
  9685 | Lair:1   | 9685 ||| RETREEEEATING.
  9686 | Lair:1   | 9686 ||| RETREEEEATING.
  9687 | Lair:1   | 9687 ||| RETREEEEATING.
  9688 | Lair:1   | 9688 ||| RETREEEEATING.
  9689 | Lair:1   | 9689 ||| RETREEEEATING.
  9690 | Lair:1   | 9690 ||| RETREEEEATING.
  9704 | Lair:1   | Noticed an alligator
  9707 | Lair:1   | 9707 ||| ZAPPING wand of acid (1) at -5,4 (alligator;
                  | floor).
  9712 | Lair:1   | HP: 17/81 [black mamba (14)]
  9713 | Lair:1   | 9713 ||| READING 7 scrolls of teleportation.
  9713 | Lair:1   | HP: 8/81 [black mamba (9)]
  9714 | Lair:1   | 9714 ||| DRINKING potion of heal wounds.
  9714 | Lair:1   | Noticed an elephant
  9714 | Lair:1   | Noticed an elephant
  9715 | Lair:1   | 9715 ||| RETREEEEATING.
  9820 | Lair:1   | Noticed an elephant
  9827 | Lair:1   | Noticed an elephant
  9830 | Lair:1   | Killed an elephant
  9839 | Lair:1   | HP: 13/81 [elephant (14)]
  9840 | Lair:1   | 9840 ||| READING 6 scrolls of teleportation.
  9840 | Lair:1   | Slain by an elephant

Levels and vault maps discovered:
D:1:      saegor_arrival_simple_a, layout_basic
D:2:      layout_loops_ring, serial_shops, shop, patterned_corridor, uniq_robin
D:3:      layout_basic, old_standard_altar,
          mainiacjoe_sewer_entry_somewhere_in_here_2
D:4:      layout_loops_corners, jmf_multi_god_temple2
D:5:      layout_loops_corners, nzn_hepliaklqana_mist_gate,
          nicolae_overflow_hallway_of_the_gods, serial_co_window_serial,
          co_window_corner_a, co_window_paths_a, co_window_paths_a,
          co_window_of_opportunity_a, co_window_corner_a,
          co_window_of_opportunity_a, co_window_paths_a, co_window_corner_a,
          co_window_paths_a, co_window_corner_b, co_window_corner_b,
          co_window_unsneaky_path_b, co_window_corner_cb, co_window_corner_ca,
          co_window_of_opportunity_b, glass_columns_a, glass_columns_a
D:6:      layout_loops_corners
D:7:      wad_crossroads, layout_layer_cave, minmay_temple_entry_large_hall
D:8:      layout_basic
D:9:      layout_gridville, overflow_temple_1_default, david_lair_generic,
          erik_orc_2, enter_bailey_3
Temple:   bh_familiar_temple
Lair:1:   layout_regular_city, nicolae_lair_lakeside_cave, uniq_nergalle,
          uniq_amaemon, uniq_sonja

Skill      XL: |  1  2  3  4  5  6  7  8  9 10 11 |
---------------+----------------------------------+-----
Ranged Weapons | 4 5 6 7 8 10 | 10.2
Fighting       | 3 4 5 6 7 8 |  8.0
Dodging        | 3 4 6 7 8 9 |  9.0
Armour         | 1 |  1.8
Invocations    | 2 4 5 |  5.9
Stealth        | |  0.7

Action                     |  1- 3 |  4- 6 |  7- 9 | 10-12 || total
---------------------------+-------+-------+-------+-------++-------
   Fire: Shortbow          |    76 |   180 |   475 |   262 ||   993
         Orcbow            |       |       |       |    87 ||    87
  Evoke: Wand              |       |       |     1 |     8 ||     9
    Use: Scroll            |     2 |     7 |     8 |     3 ||    20
         Potion            |     1 |     7 |     4 |     4 ||    16
 Armour: Leather armour    |    31 |     4 |       |       ||    35
         Ring mail         |       |     7 |       |       ||     7
         Robe              |       |    47 |   116 |   100 ||   263
  Dodge: Dodged            |    25 |    72 |   173 |   146 ||   416
  Block: Other             |       |       |    31 |    44 ||    75
         Reflection        |       |       |       |     3 ||     3

Table legend:
 A = Non-vault XP
 B = Vault XP
 C = Vault XP percentage of total XP
 D = Non-vault monster count
 E = Vault monster count
 F = Vault count percentage of total count
                 A         B        C        D         E       F
            +---------+---------+-------+---------+---------+-------
      Total |    8335 |    3153 |  27.4 |     186 |      78 |  29.5
            +---------+---------+-------+---------+---------+-------
        D:1 |      17 |       0 |   0.0 |      10 |       0 |   0.0
        D:2 |      65 |      36 |  35.6 |      21 |      12 |  36.4
        D:3 |      68 |      24 |  26.1 |      16 |       6 |  27.3
        D:4 |     320 |       5 |   1.5 |      24 |       2 |   7.7
        D:5 |     631 |       0 |   0.0 |      18 |       0 |   0.0
        D:6 |    1019 |       0 |   0.0 |      29 |       0 |   0.0
        D:7 |     816 |     192 |  19.0 |      25 |       4 |  13.8
        D:8 |    1285 |       0 |   0.0 |      16 |       0 |   0.0
        D:9 |    2327 |    2561 |  52.4 |      19 |      30 |  61.2
     Lair:1 |    1787 |      90 |   4.8 |       8 |       1 |  11.1
      Sewer |       0 |     245 | 100.0 |       0 |      23 | 100.0
            +---------+---------+-------+---------+---------+-------
